 Dungeon Crawl Stone Soup version 0.31-a0-691-g409c26aa35 (webtiles) character file.

Game seed: 16517850123670931572

5 qw the Shooter (level 1, -1/12 HPs)
             Began as a Gargoyle Hunter on Sept 6, 2023.
             Slain by a hobgoblin (2 damage)
             ... on level 1 of the Dungeon.
             The game lasted 00:00:05 (71 turns).

qw the Shooter (Gargoyle Hunter)                      Turns: 71, Time: 00:00:05

Health: -1/12      AC:  5    Str: 14    XL:     1   Next: 80%
Magic:  1/1        EV: 11    Int:  9    God:
Gold:   16         SH:  0    Dex: 13    Spells: 0/0 levels left

rFire   . . .        a - +0 shortbow
rCold   . . .        (shield currently unavailable)
rNeg    + . .        c - +0 leather armour
rPois   inf          (no helmet)
rElec   +            (no cloak)
rCorr   .            (no gloves)
SInv    .            (no boots)
Will    .....        (no amulet)
Stlth   +            (no ring)
HPRegen 0.22/turn    (no ring)
MPRegen 0.07/turn

%: no passive effects
@: no status effects
A: sickness immunity, AC +2, negative energy resistance 1, electricity
resistance, torment resistance 1, petrification resistance
a: no special abilities


You were on level 1 of the Dungeon.
You visited 1 branch of the dungeon, and saw 1 of its levels.

You collected 16 gold pieces.


Innate Abilities, Weirdness & Mutations

You are immune to sickness and miasma.
Your stone body is resilient. (AC +2)
You are immune to poison.
You resist negative energy. (rN+)
You are resistant to electric shocks. (rElec)
You are resistant to unholy torment.
You are immune to petrification.


   Skills:
 - Level 2.1 Fighting
 + Level 4.3 Ranged Weapons
 - Level 1.5 Dodging
 - Level 1.1 Stealth


You couldn't memorise any spells.
You didn't know any spells.
Your spell library was empty.

Inventory:

Hand Weapons
 a - a +0 shortbow (weapon)
Armour
 c - a +0 leather armour (worn)
Scrolls
 b - a scroll of butterflies

Dungeon Overview and Level Annotations

Branches:
Dungeon (1/15)

Altars:


Message History

The arrow hits the endoplasm but does no damage.
The endoplasm quivers.
You shoot an arrow. The arrow hits the endoplasm.
The endoplasm is almost dead.
The endoplasm hits you but does no damage.
You shoot an arrow. The arrow hits the endoplasm.
You kill the endoplasm!
Found a leather armour and a hand axe.
A rat comes into view.
You see here a scroll labelled LUWIWKY IHAE.
You shoot an arrow.
The arrow hits the rat but does no damage.
You hear a shout!
A hobgoblin comes into view.
The rat barely misses you.
You shoot an arrow.
The arrow hits the rat but does no damage.
The rat closely misses you.
You shoot an arrow. The arrow completely misses the rat.
The rat barely misses you.
A rat comes into view.
You shoot an arrow. The arrow closely misses the rat.
The hobgoblin barely misses you. The rat closely misses you.
You shoot an arrow. The arrow barely misses the rat.
The hobgoblin hits you. The rat closely misses you. The hobgoblin hits you.
The rat bites you but does no damage.
You shoot an arrow. The arrow closely misses the rat.
The hobgoblin hits you. The rat bites you but does no damage.
The rat twitches its whiskers.
You shoot an arrow. The arrow hits the rat.
You kill the rat!
The hobgoblin hits you.
You shoot an arrow. The arrow barely misses the rat.
The hobgoblin hits you. The rat barely misses you.
You shoot an arrow. The arrow barely misses the rat.
The hobgoblin barely misses you. The rat misses you.
You shoot an arrow. The arrow hits the rat.
You kill the rat!
The hobgoblin hits you.
You die...

## . . .. .
..........####.
#............#.#
#...........##)###
#..........#.$g[.#
##.........###@#
#..........#.#.#
.........(##..####
#................#
#.........##.###...#
###............# ###
#...........####
#...........#
.....#..)...#


You could see a hobgoblin.

Vanquished Creatures
  An endoplasm (D:1)
  A goblin (D:1)
  A kobold (D:1)
  A bat (D:1)
  2 rats (D:1)
6 creatures vanquished.

Notes
Turn   | Place    | Note
-------+----------+-------------------------------------------
     0 | D:1      | qw the Gargoyle Hunter began the quest for the Orb.
     0 | D:1      | Reached XP level 1. HP: 12/12 MP: 1/1
     0 | D:1      | 0 ||| qw: Version: 0.3-a-76-g4403597
     0 | D:1      | 0 ||| qw: Game counter: 6
     0 | D:1      | 0 ||| qw: Melee chars always use a shield: true
     0 | D:1      | 0 ||| qw: God list: Okawaru
     0 | D:1      | 0 ||| qw: Allow faded altars: false
     0 | D:1      | 0 ||| qw: Do Orc after clearing Dungeon:15 true
     0 | D:1      | 0 ||| qw: Do second Lair branch before Depths: true
     0 | D:1      | 0 ||| qw: Lair rune preference: random
     0 | D:1      | 0 ||| qw: Goals: Normal
     0 | D:1      | 0 ||| PLANNING D:1-11
    67 | D:1      | HP: 2/12 [hobgoblin (4)]
    71 | D:1      | Slain by a hobgoblin

Levels and vault maps discovered:
D:1:      psy_arrival_basics, layout_rooms, minivault_27, minmay_octomino_j4

Action                     || total
---------------------------++-------
   Fire: Shortbow          ||    33
 Armour: Leather armour    ||    20
  Dodge: Dodged            ||    12

Table legend:
 A = Non-vault XP
 B = Vault XP
 C = Vault XP percentage of total XP
 D = Non-vault monster count
 E = Vault monster count
 F = Vault count percentage of total count
                 A         B        C        D         E       F
            +---------+---------+-------+---------+---------+-------
      Total |       6 |       3 |  33.3 |       4 |       2 |  33.3
            +---------+---------+-------+---------+---------+-------
        D:1 |       6 |       3 |  33.3 |       4 |       2 |  33.3
            +---------+---------+-------+---------+---------+-------
